 Dungeon Sprint DCSS version 0.23.0 (webtiles) character file.

Game seed: 16542285141968180439

18 Groucho the Covered (level 2, -10/37 HPs)
             Began as a Human Fighter on Feb 11, 2019.
             Was an Initiate of Uskayaw.
             Mangled by a two-headed ogre
             ... wielding a +0 giant club
              (18 damage)
             ... in the Dungeon (Sprint IX: "|||||||||||||||||||||||||||||").
             The game lasted 00:02:05 (736 turns).

Groucho the Covered (Human Fighter)                  Turns: 736, Time: 00:02:06

Health: -10/37     AC:  9    Str: 27    XL:     2   Next: 85%
Magic:  2/2        EV:  9    Int:  8    God:    Uskayaw [......]
Gold:   0          SH: 10    Dex: 12    Spells: 1/1 levels left

rFire    . . .     SeeInvis .   p - +2 rapier (venom)
rCold    . . .     Gourm    .   c - +0 shield
rNeg     . . .     Faith    .   s - +2 ring mail
rPois    .         Spirit   .   (no helmet)
rElec    .         Reflect  .   (no cloak)
rCorr    .         Harm     .   a - +0 pair of gloves
MR       .....     NoTele   +   (no boots)
Stlth    ..........             (no amulet)
HPRegen  0.12/turn              q - +3 ring of strength
MPRegen  0.08/turn              r - +3 ring of strength

@: berserking, very quick
A: no striking features
a: Renounce Religion


You were in the Dungeon.
You worshipped Uskayaw.
Uskayaw was noncommittal.
You were not hungry.

You visited 1 branch

Inventory:

Hand Weapons
 p - a +2 rapier of venom (weapon)
Armour
 a - a +0 pair of gloves (worn)
 c - a +0 shield (worn)
 s - a +2 ring mail (worn)
Jewellery
 q - a +3 ring of strength (left hand)
 r - a +3 ring of strength (right hand)
Wands
 o - a wand of iceblast (10)
Scrolls
 k - 2 scrolls of blinking
 m - 3 scrolls of remove curse
 n - 2 scrolls of amnesia
Potions
 d - a potion of might
 e - 5 potions of curing
 g - 3 potions of heal wounds
 h - a potion of haste
 i - 4 potions of magic
 l - a potion of invisibility
Comestibles
 f - a ration


   Skills:
 + Level 3.7 Fighting
 * Level 3.0 Short Blades
 * Level 3.7 Armour
 + Level 1.9 Dodging
 * Level 3.7 Shields
 * Level 0.0 Invocations


You had one spell level left.
You didn't know any spells.
Your spell library was empty.

Dungeon Overview and Level Annotations

Branches:
Dungeon (1/1)

Altars:
Cheibriados
Dithmenos
Elyvilon
Fedhas
Gozag
Hepliaklqana
Kikubaaqudgha
Makhleb
Nemelex Xobeh
Okawaru
Qazlal
Ru
Sif Muna
Trog
Uskayaw
Vehumet
Wu Jian
Xom
Yredelemnul
Zin
The Shining One
Beogh
Jiyva
Lugonu


Message History

The two-headed ogre shouts in stereo!
The shadow imp shouts, "Get thee gone, thou artless elf-skinned canker-blossom!"
The orc wizard shouts!
The shadow imp shouts, "Scamper hence, thou hateful limp-willed clam!"
The iguana hisses angrily.
The orc wizard gestures wildly while chanting.
The orc wizard blinks!
A red film seems to cover your vision as you go berserk!
You feel yourself moving faster!
You feel mighty! The two-headed ogre barely misses you.
The two-headed ogre hits you with a +0 giant club!
You puncture the two-headed ogre!
The two-headed ogre is moderately wounded.
You block the orc wizard's attack.
You hit the two-headed ogre.
The two-headed ogre is poisoned.
The two-headed ogre is moderately wounded.
The two-headed ogre hits you with a +0 giant club!
* * * LOW HITPOINT WARNING * * *
The two-headed ogre hits you with a +0 giant club!!
You die...

▓.▓
▓.▓
▓|▓
▓)▓
▓.▓
▓[▓
▓[▓
▓o▓
▓@▓
▓O▓
▓5▓
▓5▓
▓.▓
▓Y▓
▓l▓
▓.▓


You could see a two-headed ogre, a sky beast, an iguana, an orc wizard and 2
shadow imps.

Vanquished Creatures
  An ooze (D)
  A worm (D)
  A ball python (D)
  A giant cockroach (D)
  A goblin (D)
  A hobgoblin (D)
  A jackal (D)
  A quokka (D)
  A giant cockroach zombie (D)
  A rat (D)
10 creatures vanquished.

Notes
Turn   | Place    | Note
-------+----------+-------------------------------------------
     0 | D        | Groucho the Human Fighter began the quest for the Orb.
     0 | D        | Reached XP level 1. HP: 18/18 MP: 1/1
    10 | D        | Reached skill level 1 in Dodging
    19 | D        | Reached XP level 2. HP: 23/24 MP: 2/2
   663 | D        | Found a roughly hewn altar of Beogh.
   663 | D        | Found a snail-covered altar of Cheibriados.
   663 | D        | Found a shadowy altar of Dithmenos.
   663 | D        | Found a white marble altar of Elyvilon.
   663 | D        | Found a blossoming altar of Fedhas.
   663 | D        | Found an opulent altar of Gozag.
   664 | D        | Found a hazy altar of Hepliaklqana.
   665 | D        | Found a viscous altar of Jiyva.
   666 | D        | Found an ancient bone altar of Kikubaaqudgha.
   667 | D        | Found a corrupted altar of Lugonu.
   668 | D        | Found a burning altar of Makhleb.
   669 | D        | Found a sparkling altar of Nemelex Xobeh.
   670 | D        | Found an iron altar of Okawaru.
   671 | D        | Found a stormy altar of Qazlal.
   672 | D        | Found a sacrificial altar of Ru.
   673 | D        | Found a deep blue altar of Sif Muna.
   674 | D        | Found a bloodstained altar of Trog.
   675 | D        | Found a hide-covered altar of Uskayaw.
   676 | D        | Found a radiant altar of Vehumet.
   677 | D        | Found an ornate altar of the Wu Jian Council.
   678 | D        | Found a shimmering altar of Xom.
   679 | D        | Found a basalt altar of Yredelemnul.
   680 | D        | Found a glowing silver altar of Zin.
   681 | D        | Found a glowing golden altar of the Shining One.
   683 | D        | Became a worshipper of Uskayaw the Reveler
   733 | D        | Noticed a two-headed ogre
   733 | D        | Noticed a sky beast
   736 | D        | Mangled by a two-headed ogre

Skill      XL: |  1  2 |
---------------+-------+-----
Dodging        | 1 |  1.9
Short Blades   | 3 |  3.0
Fighting       | |  3.7
Armour         | |  3.7
Shields        | |  3.7

Action                   || total
-------------------------++-------
Melee: Rapier            ||    51
  Use: Potion            ||     1
Armor: Scale mail        ||    14
Dodge: Dodged            ||    15
Block: Shield            ||    11
